 Dungeon Crawl Stone Soup version 0.30-b1-2-g02819fbbbe (webtiles) character file.

Game seed: 10529904734472220599

5 ventricule the Sneak (level 1, -6/19 HPs)
             Began as a Minotaur Delver on May 6, 2023.
             Mangled by a gnoll bouda
             ... wielding a +0 whip
              (9 damage)
             ... on level 5 of the Dungeon.
             The game lasted 00:00:45 (92 turns).

ventricule the Sneak (Minotaur Delver)                Turns: 92, Time: 00:00:46

Health: -6/19      AC:  3    Str: 16    XL:     1   Next: 66%
Magic:  0/0        EV: 11    Int:  7    God:
Gold:   13         SH:  0    Dex: 11    Spells: 0/0 levels left

rFire   . . .        a - +0 hand axe
rCold   . . .        (no shield)
rNeg    . . .        b - +0 leather armour
rPois   .            (helmet restricted)
rElec   .            (no cloak)
rCorr   .            (no gloves)
SInv    .            (no boots)
Will    .....        (no amulet)
Stlth   ++           (no ring)
HPRegen 0.23/turn    (no ring)
MPRegen 0.07/turn

%: no passive effects
@: weakened, hasted, very quick
A: horns 2, retaliatory headbutt
a: no special abilities


You were on level 5 of the Dungeon.
You visited 1 branch of the dungeon, and saw 2 of its levels.

You collected 13 gold pieces.

Inventory:

Hand Weapons
 a - a +0 hand axe (weapon)
Armour
 b - a +0 leather armour (worn)
Wands
 g - a wand of digging (3)
Scrolls
 c - a scroll of fog
 d - a scroll of magic mapping


   Skills:
 - Level 3.6 Fighting
 + Level 3.1 Axes
 - Level 2.1 Dodging
 - Level 4.1 Stealth


You couldn't memorise any spells.
You didn't know any spells.
Your spell library was empty.

Dungeon Overview and Level Annotations

Branches:
Dungeon (6/15)
 Temple: D:4-7

Altars:

Annotations:
D:5 Edmund, Menkaure


Innate Abilities, Weirdness & Mutations

You have a pair of horns on your head.
You reflexively headbutt those who attack you in melee.


Message History

The orc looks frightened! x2
A phantom comes into view.
A shadow imp comes into view.
An orc warrior and an orc come into view.
The orc warrior moves out of view.
The orc moves out of view.
A gnoll comes into view. It is wielding a +0 spear.
A gnoll comes into view. It is wielding a +0 spear of flaming.
The orc priest shouts!
You hear a shout!
The gnoll bouda gazes fiercely through you!
You feel your attacks grow feeble.
An orc wizard comes into view. It is wielding a +0 dagger.
The gnoll hits you from afar with a +0 spear.
The orc wizard moves out of view.
There is a stone staircase leading up here.
The gnoll bouda barely misses you. You furiously retaliate!
You headbutt the gnoll bouda. The gnoll barely misses you.
The orc priest invokes the aid of Beogh against you.
Beogh smites you!
Ouch! That really hurt!
* * * LOW HITPOINT WARNING * * *
You climb upwards.
Level annotation: Edmund, Menkaure
There is a stone staircase leading down here.
You feel yourself speed up.
The gnoll bouda hits you with a +0 whip.
* * * LOW HITPOINT WARNING * * *
Unknown command.
You closely miss the gnoll bouda.
The gnoll bouda is lightly wounded.
The gnoll bouda hits you but does no damage.
You hit the gnoll bouda. You headbutt the gnoll bouda.
The gnoll bouda is moderately wounded.
The gnoll bouda barely misses you. You furiously retaliate!
You headbutt the gnoll bouda!
You hit the gnoll bouda but do no damage.
You punch the gnoll bouda, but do no damage.
The gnoll bouda is severely wounded.
You closely miss the gnoll bouda.
The gnoll bouda is severely wounded.
The gnoll bouda hits you with a +0 whip!
You die...

#.## #..# . #.# #
#@. #.# .#...# #.#
###.....# #.#
#....# #.# #$#
#######.####.#
#......g@....#
#####.#####.######
#.....# #.#
#.##### #.## ###.#
#..# #...## ##.#
#....#########.#
####...........#
#############


You could see a gnoll bouda.

Vanquished Creatures
  An ufetubus (D:6)
1 creature vanquished.

Notes
Turn   | Place    | Note
-------+----------+-------------------------------------------
     0 | D:5      | ventricule the Minotaur Delver began the quest for the Orb.
     0 | D:5      | Reached XP level 1. HP: 19/19 MP: 0/0
    42 | D:5      | Noticed Edmund
    52 | D:5      | Noticed Menkaure
    66 | D:6      | Noticed a scorpion
    69 | D:6      | Noticed a gnoll bouda
    69 | D:6      | Noticed an orc priest
    74 | D:6      | Noticed an orc priest
    75 | D:6      | Noticed a water moccasin
    76 | D:6      | Noticed a phantom
    77 | D:6      | Noticed an orc warrior
    85 | D:6      | Noticed an orc wizard
    92 | D:5      | Mangled by a gnoll bouda

Illustrated notes

Levels and vault maps discovered:
D:5:      layout_rooms, minmay_temple_entry_statues_pillars, uniq_edmund,
          uniq_ijyb, uniq_menkaure
D:6:      layout_cave_pools, kennysheep_mini, trog_antimagical, hex_medium,
          minivault_24

Skill      XL: |  1 |
---------------+----+-----
Axes           | 3 |  3.1
Fighting       | |  3.6
Dodging        | |  2.1
Stealth        | |  4.1

Action                     || total
---------------------------++-------
  Melee: Hand axe          ||     7
         Headbutt          ||     1
         Punch             ||     1
    Use: Scroll            ||     1
         Potion            ||     1
 Armour: Leather armour    ||     5
  Dodge: Dodged            ||     4
